TOP OF THE 1ST |
Coastal Carolina University Chanticleers batting - Pitching for Mississippi State University Bulldogs : RHP Ryan Zart
|
Pitching: RHP Ryan Zart
|
|
Batting: RHB Robby Herrera
|
0-0: Ball 1-0: Called Strike 1-1: DOUBLE (Line Drive, 3D, EV 96.9 MPH)
|
Batting: RHB Mario Arriero
|
0-0: Called Strike 0-1: Called Strike 0-2: Foul Ball, location: 2F 0-2: Fly out, F8 (Line Drive, 8RM, EV 100.6 MPH)
|
Batting: RHB Justin Dunham
|
0-0: Ball 1-0: Ball 2-0: Ball 3-0: Called Strike 3-1: SINGLE (Groundball, 4MD, EV 103.1 MPH) Robby Herrera to third Runner from 3rd tries for Home, SAFE, throw by CF to home
|
Batting: RHB Tony Cabrera
|
0-0: Foul Ball, location: 2F 0-1: Ball 1-1: Fly out, F8 (Flyball, 89XD, EV 96.9 MPH)
|
Batting: SHB Greg Shaw
|
0-0: Ball 1-0: Ball 2-0: DOUBLE (Line Drive, 7LS, EV 110.6 MPH) Justin Dunham to third
|
Batting: SHB Gustavo Froio
|
0-0: Foul Ball, location: 2F 0-1: Called Strike 0-2: Ball 1-2: SINGLE (Groundball, 34D, EV 103.1 MPH) Justin Dunham scores Greg Shaw to third Throwing error, E9 Greg Shaw scores Gustavo Froio to second
|
Batting: RHB Avariyas Vipin
|
0-0: Called Strike 0-1: Swinging Strike 0-2: Foul Ball, location: 2F 0-2: Foul Ball, location: 2F 0-2: Strikes out looking
|
Top of the 1st over - 3 runs, 4 hits, 1 error, 1 left on base; Coastal Carolina University 3 - Mississippi State University 0 |
BOTTOM OF THE 1ST |
Mississippi State University Bulldogs batting - Pitching for Coastal Carolina University Chanticleers : RHP Guy Jerome
|
Pitching: RHP Guy Jerome
|
|
Batting: RHB Francisco de la Torre
|
0-0: SINGLE (Line Drive, 7LM, EV 97.5 MPH)
|
Batting: RHB Michael Diez
|
0-0: Ball Francisco de la Torre is caught stealing 2nd base 2-4 1-0: Ground out 3-1 (Groundball, 34, EV 98.1 MPH)
|
Batting: SHB Corey Penson
|
0-0: Called Strike 0-1: Swinging Strike 0-2: Strikes out swinging
|
Bottom of the 1st over - 0 runs, 1 hit, 0 errors, 0 left on base; Coastal Carolina University 3 - Mississippi State University 0 |
TOP OF THE 2ND |
Coastal Carolina University Chanticleers batting - Pitching for Mississippi State University Bulldogs : RHP Ryan Zart
|
Batting: LHB Leo Puentes
|
0-0: Ball 1-0: Ball 2-0: Called Strike 2-1: Ball 3-1: SOLO HOME RUN (Flyball, 9D, EV 96.9 MPH), Distance : 373 ft
|
Batting: RHB Jesus Cera
|
0-0: Foul Ball, location: 2F 0-1: Ball 1-1: SINGLE (Groundball, 15S, EV 71.9 MPH) (infield hit)
|
Batting: RHB Robby Herrera
|
0-0: Called Strike 0-1: SINGLE (Line Drive, 7LM, EV 101.3 MPH) Jesus Cera to second
|
Batting: RHB Mario Arriero
|
0-0: Swinging Strike 0-1: Swinging Strike 0-2: Ball 1-2: Foul Ball, location: 2F 1-2: Grounds into double play, 4-6-3 (Groundball, 4, EV 89.4 MPH) Jesus Cera to third
|
Batting: RHB Justin Dunham
|
0-0: Foul Ball, location: 2F 0-1: Ball 1-1: Swinging Strike 1-2: Foul Ball, location: 2F 1-2: Foul Ball, location: 2F 1-2: Ball 2-2: Ball 3-2: Foul Ball, location: 2F 3-2: SINGLE (Flyball, 9LM, EV 96.3 MPH) Jesus Cera scores
|
Batting: RHB Tony Cabrera
|
0-0: Called Strike Justin Dunham is caught stealing 2nd base 2-4
|
Top of the 2nd over - 2 runs, 4 hits, 0 errors, 0 left on base; Coastal Carolina University 5 - Mississippi State University 0 |
BOTTOM OF THE 2ND |
Mississippi State University Bulldogs batting - Pitching for Coastal Carolina University Chanticleers : RHP Guy Jerome
|
Batting: LHB Dusty Bryant
|
0-0: Called Strike 0-1: Ball 1-1: Ball 2-1: Ground out 4-3 (Groundball, 4, EV 85.0 MPH)
|
Batting: RHB Kazuki Arai
|
0-0: Ball 1-0: Ball 2-0: Swinging Strike 2-1: Ground out 4-3 (Groundball, 34, EV 102.5 MPH)
|
Batting: LHB Dave Carlisle
|
0-0: Ball 1-0: Foul Ball, location: 2F 1-1: Ball 2-1: Called Strike 2-2: Ground out 6-3 (Groundball, 6M, EV 88.8 MPH)
|
Bottom of the 2nd over - 0 runs, 0 hits, 0 errors, 0 left on base; Coastal Carolina University 5 - Mississippi State University 0 |
TOP OF THE 3RD |
Coastal Carolina University Chanticleers batting - Pitching for Mississippi State University Bulldogs : RHP Ryan Zart
|
Batting: RHB Tony Cabrera
|
0-0: Ball 1-0: Foul Ball, location: 2F 1-1: Ball 2-1: Ground out 6-3 (Groundball, 6M, EV 85.0 MPH)
|
Batting: SHB Greg Shaw
|
0-0: Ground out 4-3 (Groundball, 4S, EV 85.6 MPH)
|
Batting: SHB Gustavo Froio
|
0-0: Foul Ball, location: 2F 0-1: Swinging Strike 0-2: Strikes out swinging
|
Top of the 3rd over - 0 runs, 0 hits, 0 errors, 0 left on base; Coastal Carolina University 5 - Mississippi State University 0 |
BOTTOM OF THE 3RD |
Mississippi State University Bulldogs batting - Pitching for Coastal Carolina University Chanticleers : RHP Guy Jerome
|
Batting: RHB Justin Young
|
0-0: Fly out, F8 (Flyball, 78M, EV 90.6 MPH)
|
Batting: RHB George Wagner
|
0-0: Called Strike 0-1: Ball 1-1: Ball 2-1: Ball 3-1: Base on Balls
|
Batting: RHB Xiao-shuang Au
|
0-0: Called Strike 0-1: Called Strike George Wagner steals 2nd base 0-2: Ball 1-2: Ball 2-2: Ground out 5-3 (Groundball, 56, EV 88.8 MPH)
|
Batting: RHB Francisco de la Torre
|
0-0: Ball 1-0: Ground out 6-3 (Groundball, 6, EV 81.3 MPH)
|
Bottom of the 3rd over - 0 runs, 0 hits, 0 errors, 1 left on base; Coastal Carolina University 5 - Mississippi State University 0 |
TOP OF THE 4TH |
Coastal Carolina University Chanticleers batting - Pitching for Mississippi State University Bulldogs : RHP Ryan Zart
|
Pitching: RHP Boboy Cacabelos
|
|
Batting: RHB Avariyas Vipin
|
0-0: Ball 1-0: Called Strike 1-1: Swinging Strike 1-2: Strikes out swinging
|
Batting: LHB Leo Puentes
|
0-0: Fly out, F8 (Flyball, 8RS, EV 93.1 MPH)
|
Batting: RHB Jesus Cera
|
0-0: Ball 1-0: Called Strike 1-1: Foul Ball, location: 2F 1-2: Ball 2-2: Ground out 5-3 (Groundball, 56S, EV 89.4 MPH)
|
Top of the 4th over - 0 runs, 0 hits, 0 errors, 0 left on base; Coastal Carolina University 5 - Mississippi State University 0 |
BOTTOM OF THE 4TH |
Mississippi State University Bulldogs batting - Pitching for Coastal Carolina University Chanticleers : RHP Guy Jerome
|
Batting: RHB Michael Diez
|
0-0: Ball 1-0: Fly out, F9 (Flyball, 9S, EV 71.9 MPH)
|
Batting: SHB Corey Penson
|
0-0: Ball 1-0: Ball 2-0: Ground out 4-3 (Groundball, 4S, EV 81.3 MPH)
|
Batting: LHB Dusty Bryant
|
0-0: Called Strike 0-1: Swinging Strike 0-2: Ball 1-2: Ball 2-2: Ball 3-2: DOUBLE (Line Drive, 9LS, EV 105.0 MPH)
|
Batting: RHB Kazuki Arai
|
0-0: Ball 1-0: Ball 2-0: Called Strike 2-1: Ball 3-1: SINGLE (Groundball, 13, EV 85.6 MPH) (infield hit) Dusty Bryant to third
|
Batting: LHB Dave Carlisle
|
0-0: Ball 1-0: Ball 2-0: Ball 3-0: Base on Balls Kazuki Arai to second
|
Batting: RHB Justin Young
|
0-0: Reached on error, E5 (Groundball, 56, EV 106.3 MPH) Dusty Bryant scores Kazuki Arai to third Dave Carlisle to second
|
Batting: RHB George Wagner
|
0-0: Ball 1-0: Ball 2-0: Ball 3-0: Base on Balls Kazuki Arai scores Dave Carlisle to third Justin Young to second
|
Batting: RHB Xiao-shuang Au
|
0-0: Called Strike 0-1: Foul Ball, location: 2F 0-2: Ball 1-2: Foul Ball, location: 2F 1-2: SINGLE (Groundball, 4M, EV 98.1 MPH) (infield hit) Dave Carlisle scores Justin Young to third George Wagner to second
|
Batting: RHB Francisco de la Torre
|
0-0: Ball 1-0: DOUBLE (Groundball, 5L, EV 104.4 MPH) Justin Young scores George Wagner scores Xiao-shuang Au to third
|
Pitching: RHP Shinichi Shimizu
|
|
Batting: RHB Michael Diez
|
0-0: Ball Wild Pitch! Xiao-shuang Au scores Francisco de la Torre to third 1-0: Foul Ball, location: 2F 1-1: Ball 2-1: Ground out 4-3 (Groundball, 4, EV 79.4 MPH)
|
Bottom of the 4th over - 6 runs, 4 hits, 1 error, 1 left on base; Coastal Carolina University 5 - Mississippi State University 6 |
TOP OF THE 5TH |
Coastal Carolina University Chanticleers batting - Pitching for Mississippi State University Bulldogs : RHP Boboy Cacabelos
|
Pinch Hitting: SHB Suzunosuke Yamaguchi
|
0-0: Called Strike 0-1: Hit by Pitch
|
Batting: RHB Mario Arriero
|
0-0: Fly out, F8 (Line Drive, 8RM, EV 99.4 MPH)
|
Batting: RHB Justin Dunham
|
0-0: Foul Ball, location: 2F 0-1: Ball 1-1: SINGLE (Line Drive, 78M, EV 103.1 MPH) Suzunosuke Yamaguchi to second
|
Batting: RHB Tony Cabrera
|
0-0: Ball 1-0: Called Strike 1-1: Ball 2-1: Swinging Strike 2-2: Strikes out swinging
|
Batting: SHB Greg Shaw
|
0-0: Ball 1-0: Fly out, F8 (Flyball, 8RS, EV 90.6 MPH)
|
Top of the 5th over - 0 runs, 1 hit, 0 errors, 2 left on base; Coastal Carolina University 5 - Mississippi State University 6 |
BOTTOM OF THE 5TH |
Mississippi State University Bulldogs batting - Pitching for Coastal Carolina University Chanticleers : RHP Shinichi Shimizu
|
Now at 2B: Avariyas Vipin
|
|
Now at SS: Suzunosuke Yamaguchi
|
|
Batting: SHB Corey Penson
|
0-0: Ball 1-0: Ball 2-0: Foul Ball, location: 2F 2-1: Foul Ball, location: 2F 2-2: Fly out, F9 (Flyball, 89XD, EV 110.6 MPH)
|
Batting: LHB Dusty Bryant
|
0-0: Ball 1-0: Called Strike 1-1: Foul Ball, location: 2F 1-2: Ball 2-2: Foul Ball, location: 2F 2-2: Ground out 4-3 (Groundball, 4, EV 81.9 MPH)
|
Batting: RHB Kazuki Arai
|
0-0: Ball 1-0: Swinging Strike 1-1: Ball 2-1: Swinging Strike 2-2: Foul Ball, location: 2F 2-2: Ball 3-2: Strikes out swinging
|
Bottom of the 5th over - 0 runs, 0 hits, 0 errors, 0 left on base; Coastal Carolina University 5 - Mississippi State University 6 |
TOP OF THE 6TH |
Coastal Carolina University Chanticleers batting - Pitching for Mississippi State University Bulldogs : RHP Boboy Cacabelos
|
Batting: SHB Gustavo Froio
|
0-0: Swinging Strike 0-1: Ball 1-1: Swinging Strike 1-2: Ball 2-2: Ball 3-2: Foul Ball, location: 2F 3-2: Strikes out looking
|
Pinch Hitting: SHB Chris Kennedy
|
0-0: Ball 1-0: Fly out, F6 (Flyball, 6D, EV 87.5 MPH)
|
Batting: LHB Leo Puentes
|
0-0: Ball 1-0: Called Strike 1-1: Swinging Strike 1-2: Strikes out swinging
|
Top of the 6th over - 0 runs, 0 hits, 0 errors, 0 left on base; Coastal Carolina University 5 - Mississippi State University 6 |
BOTTOM OF THE 6TH |
Mississippi State University Bulldogs batting - Pitching for Coastal Carolina University Chanticleers : RHP Shinichi Shimizu
|
Now at 2B: Brian Zazulak
|
|
Batting: LHB Dave Carlisle
|
0-0: Called Strike 0-1: Ball 1-1: Ball 2-1: Ball 3-1: Swinging Strike 3-2: Foul Ball, location: 2F 3-2: Base on Balls
|
Batting: RHB Justin Young
|
0-0: Fly out, F8 (Line Drive, 8LM, EV 96.3 MPH)
|
Batting: RHB George Wagner
|
0-0: Ball 1-0: Ball 2-0: Ball 3-0: Base on Balls Dave Carlisle to second
|
Batting: RHB Xiao-shuang Au
|
0-0: Ball 1-0: Swinging Strike 1-1: Ball 2-1: Called Strike 2-2: Foul Ball, location: 2F 2-2: Ball 3-2: Strikes out swinging
|
Batting: RHB Francisco de la Torre
|
0-0: Ball 1-0: Foul Ball, location: 2F 1-1: SINGLE (Flyball, 5D, EV 89.4 MPH) Dave Carlisle to third George Wagner to second Runner from 3rd tries for Home, SAFE, throw by LF to home
|
Batting: RHB Michael Diez
|
0-0: Ball 1-0: Ball 2-0: Called Strike 2-1: Called Strike 2-2: Ball 3-2: DOUBLE (Line Drive, 9LS, EV 110.0 MPH) George Wagner scores Francisco de la Torre to third Francisco de la Torre scores
|
Pitching: LHP Kevin Loy
|
|
Batting: SHB Corey Penson
|
0-0: Ball 1-0: Called Strike 1-1: Swinging Strike 1-2: Ball 2-2: Ball 3-2: Foul Ball, location: 2F 3-2: Ground out 4-3 (Groundball, 34D, EV 81.3 MPH)
|
Bottom of the 6th over - 3 runs, 2 hits, 0 errors, 1 left on base; Coastal Carolina University 5 - Mississippi State University 9 |
TOP OF THE 7TH |
Coastal Carolina University Chanticleers batting - Pitching for Mississippi State University Bulldogs : RHP Boboy Cacabelos
|
Pinch Hitting: RHB Ed Santibanez
|
0-0: Ball 1-0: Foul Ball, location: 2F 1-1: Ground out 5-3 (Groundball, 56S, EV 66.3 MPH)
|
Batting: SHB Suzunosuke Yamaguchi
|
0-0: Ground out 4-3 (Groundball, 4, EV 91.9 MPH)
|
Batting: RHB Mario Arriero
|
0-0: Ball 1-0: SINGLE (Line Drive, 3D, EV 100.0 MPH)
|
Batting: RHB Justin Dunham
|
0-0: Ball 1-0: Ball 2-0: Called Strike 2-1: Ball 3-1: Base on Balls Mario Arriero to second
|
Batting: RHB Tony Cabrera
|
0-0: Called Strike 0-1: SINGLE (Line Drive, 7S, EV 97.5 MPH) Mario Arriero to third Justin Dunham to second Runner from 3rd tries for Home, throw by LF and OUT! 7-2
|
Top of the 7th over - 0 runs, 2 hits, 0 errors, 2 left on base; Coastal Carolina University 5 - Mississippi State University 9 |
BOTTOM OF THE 7TH |
Mississippi State University Bulldogs batting - Pitching for Coastal Carolina University Chanticleers : LHP Kevin Loy
|
Now in LF: Ed Santibanez
|
|
Batting: RHB Tony Dopson
|
0-0: Ball 1-0: Ball 2-0: Ball 3-0: Called Strike 3-1: Called Strike 3-2: Reached on error, E6 (Groundball, 6, EV 111.9 MPH)
|
Batting: RHB Kazuki Arai
|
0-0: Ball 1-0: Foul Ball, location: 2F 1-1: Ball 2-1: Fly out, F8 (Flyball, 8LM, EV 91.3 MPH)
|
Batting: LHB Dave Carlisle
|
0-0: Ball 1-0: Ball 2-0: Called Strike 2-1: DOUBLE (Line Drive, 7LM, EV 101.3 MPH) Tony Dopson to third
|
Batting: RHB Justin Young
|
0-0: Called Strike 0-1: Ball Wild Pitch! Tony Dopson scores Dave Carlisle to third 1-1: Swinging Strike 1-2: Fly out, F1 (Popup, P, EV 75.6 MPH)
|
Batting: RHB George Wagner
|
0-0: Called Strike 0-1: Called Strike 0-2: Ball 1-2: Foul Ball, location: 2F 1-2: Strikes out swinging
|
Bottom of the 7th over - 1 run, 1 hit, 1 error, 1 left on base; Coastal Carolina University 5 - Mississippi State University 10 |
TOP OF THE 8TH |
Coastal Carolina University Chanticleers batting - Pitching for Mississippi State University Bulldogs : RHP Boboy Cacabelos
|
Batting: SHB Greg Shaw
|
0-0: Ball 1-0: Ball 2-0: Ground out 4-3 (Groundball, 34, EV 101.9 MPH)
|
Batting: SHB Gustavo Froio
|
0-0: Fly out, F7 (Flyball, 7S, EV 75.6 MPH)
|
Batting: SHB Brian Zazulak
|
0-0: Called Strike 0-1: Called Strike 0-2: Fly out, F8 (Flyball, 8LS, EV 89.4 MPH)
|
Top of the 8th over - 0 runs, 0 hits, 0 errors, 0 left on base; Coastal Carolina University 5 - Mississippi State University 10 |
BOTTOM OF THE 8TH |
Mississippi State University Bulldogs batting - Pitching for Coastal Carolina University Chanticleers : LHP Kevin Loy
|
Batting: RHB Xiao-shuang Au
|
0-0: Called Strike 0-1: Called Strike 0-2: Ball 1-2: Fly out, F9 (Flyball, 9LD, EV 103.1 MPH)
|
Batting: RHB Francisco de la Torre
|
0-0: Fly out, F5 (Popup, 56S, EV 76.3 MPH)
|
Batting: RHB Michael Diez
|
0-0: Swinging Strike 0-1: Called Strike 0-2: Ball 1-2: Strikes out swinging
|
Bottom of the 8th over - 0 runs, 0 hits, 0 errors, 0 left on base; Coastal Carolina University 5 - Mississippi State University 10 |
TOP OF THE 9TH |
Coastal Carolina University Chanticleers batting - Pitching for Mississippi State University Bulldogs : RHP Boboy Cacabelos
|
Batting: LHB Bill Byford
|
0-0: Ball 1-0: Swinging Strike 1-1: Foul Ball, location: 2F 1-2: Strikes out swinging
|
Batting: RHB Ed Santibanez
|
0-0: SINGLE (Flyball, 9S, EV 89.4 MPH)
|
Batting: SHB Suzunosuke Yamaguchi
|
0-0: Called Strike 0-1: Fielders Choice at 2nd, 4-6 (Groundball, 4, EV 81.9 MPH)
|
Pitching: RHP Walt Bunney
|
|
Batting: RHB Mario Arriero
|
0-0: Ball 1-0: Called Strike 1-1: Foul Ball, location: 2F 1-2: Ground out 5-3 (Groundball, 56S, EV 80.6 MPH)
|
Top of the 9th over - 0 runs, 1 hit, 0 errors, 1 left on base; Coastal Carolina University 5 - Mississippi State University 10 |
|